 Dungeon Crawl Stone Soup version 0.30-a0-390-g80c34de65d (webtiles) character file.

Game seed: 12828734741183284518

123 pokeman the Magician (level 4, -1/25 HPs)
             Began as a Deep Elf Hedge Wizard on Dec 4, 2022.
             Slain by a black bear (3 damage)
             ... on level 4 of the Dungeon.
             The game lasted 00:06:49 (3987 turns).

pokeman the Magician (Deep Elf Hedge Wizard)        Turns: 3987, Time: 00:06:50

Health: -1/25      AC:  3    Str:  7    XL:     4   Next: 80%
Magic:  0/13       EV: 12    Int: 21    God:
Gold:   158        SH:  0    Dex: 14    Spells: 6/14 levels left

rFire   . . .      SeeInvis .    q - +3 sling (flame)
rCold   . . .      Faith    .    (no shield)
rNeg    . . .      Spirit   .    n - +0 leather armour
rPois   .          Reflect  .    c - +0 hat
rElec   .          Harm     .    (no cloak)
rCorr   .          Rampage  .    (no gloves)
Will    .....                    (no boots)
Stlth   ++........               (no amulet)
HPRegen 0.24/turn                (no ring)
MPRegen 0.13/turn                (no ring)

@: very slightly contaminated, studying Ice Magic
A: no striking features
a: no special abilities


You were on level 4 of the Dungeon.
You visited 1 branch of the dungeon, and saw 4 of its levels.

You collected 158 gold pieces.

Inventory:

Hand Weapons
 b - a +2 dagger of electrocution
 q - a +3 sling of flaming (weapon)
Armour
 c - a +0 hat (worn)
 n - a +0 leather armour (worn)
Magical Staves
 o - a staff of conjuration
Jewellery
 a - a ring of fire
Scrolls
 e - a scroll of teleportation {unknown}
 k - a scroll of enchant armour {unknown}
 l - 2 scrolls of immolation {unknown}
 m - 7 scrolls of identify {unknown}
Potions
 d - a potion of magic
 f - a potion of degeneration {unknown}
 g - 2 potions of brilliance {unknown}
 h - 2 potions of heal wounds {unknown}
 i - a potion of cancellation {unknown}
 j - 2 potions of attraction {unknown}
 p - 2 potions of curing {unknown}


   Skills:
 - Level 1.0 Fighting
 - Level 1.0 Armour
 + Level 2.9 Dodging
 - Level 3.0 Stealth
 * Level 5.9 Spellcasting
 + Level 2.4 Conjurations
 - Level 1.1 Summonings
 - Level 1.1 Translocations
 + Level 0.0 Evocations


You had 6 spell levels left.
You knew the following spells:

 Your Spells              Type           Power      Damage    Failure   Level
a - Magic Dart            Conj           64%        1d6       5%          1
b - Mephitic Cloud        Conj/Pois/Air  9%         N/A       30%         3
c - Call Imp              Summ           10%        N/A       14%         2
d - Blink                 Tloc           20%        N/A       14%         2

Your spell library contained the following spells:

 Spells                   Type           Power      Damage    Failure   Level
 Summon Small Mammal      Summ           40%        N/A       9%          1
 Slow                     Hex            24%        N/A       14%         1
 Cigotuvi's Dreadful Rot  Necr/Pois/Air  12%        N/A       22%         2
 Call Canine Familiar     Summ           10%        N/A       26%         3
 Summon Guardian Golem    Hex/Summ       8%         N/A       34%         3


Dungeon Overview and Level Annotations

Branches:
Dungeon (4/15)
 Temple: D:4-7

Altars:
Yredelemnul
Zin

Shops:
D:3 *


Message History

That beam is likely to hit you.
Continue anyway?
You miscast Mephitic Cloud.
Nothing appears to happen.
The black bear barely misses you. The black bear misses you.
The black bear claws you but does no damage.
Casting: Mephitic Cloud (extremely dangerous; 30% risk of failure)
Confirm with . or Enter, or press ? or * to list all spells.
The spell is extremely dangerous to miscast (30% risk of failure)!
Continue anyway?
Aiming: Mephitic Cloud (extremely dangerous; 30% risk of failure)
Press: ? - help, Shift-Dir - straight line, f/p - black bear
Aim: a black bear (lightly wounded, chance to affect: 72%) That beam is likely to hit you.
Continue anyway?
You miscast Mephitic Cloud.
Nothing appears to happen.
The black bear closely misses you. x2
The black bear claws you but does no damage.
Casting: Mephitic Cloud (extremely dangerous; 30% risk of failure)
Confirm with . or Enter, or press ? or * to list all spells.
You miscast Call Imp.
Nothing appears to happen.
The black bear bites you. The black bear claws you. x2
Unknown command.
The black bear attacks as you move away!
The black bear closely misses you. The black bear claws you.
The black bear misses you.
The black bear attacks as you move away!
The black bear barely misses you. The black bear claws you. x2
The black bear attacks as you move away!
The black bear bites you!
* * * LOW HITPOINT WARNING * * *
The black bear barely misses you. The black bear claws you.
* * * LOW HITPOINT WARNING * * *
Unknown command.
Casting: Call Imp (safe; 14% risk of failure)
Confirm with . or Enter, or press ? or * to list all spells.
You blink.
You feel stable enough to blink again.
The black bear attacks as you move away!
The black bear bites you.
* * * LOW HITPOINT WARNING * * *
The black bear claws you but does no damage.
The black bear claws you.
You die...

#######################
#....h@...............#
#.###################.#
#.#........ ........#.#
########.#.###############.#.#
#..........................#.#
#.######.#.#################.#
#.# #.#...................#
#.# #.#####################
#.# #.#


You could see a black bear.

Vanquished Creatures
  2 adders
  An ufetubus (D:4)
  4 worms
  A dart slug (D:4)
  5 orcs (D:3)
  6 ball pythons
  11 bats
  12 endoplasms
  A giant cockroach (D:1)
  7 goblins
  7 hobgoblins
  4 frilled lizards
  5 kobolds
  9 rats
75 creatures vanquished.

Vanquished Creatures (collateral kills)
  2 orcs (D:3)
  A kobold (D:3)
3 creatures vanquished.

Grand Total: 78 creatures vanquished

Notes
Turn   | Place    | Note
-------+----------+-------------------------------------------
     0 | D:1      | pokeman the Deep Elf Hedge Wizard began the quest for the
                  | Orb.
     0 | D:1      | Reached XP level 1. HP: 10/10 MP: 7/7
   276 | D:1      | Reached XP level 2. HP: 15/15 MP: 1/9
   692 | D:1      | Found a faded altar of an unknown god.
   867 | D:1      | Reached skill level 5 in Spellcasting
   999 | D:1      | Reached XP level 3. HP: 20/20 MP: 7/11
  1003 | D:1      | Learned a level 3 spell: Mephitic Cloud
  1006 | D:1      | Learned a level 2 spell: Call Imp
  1009 | D:1      | Learned a level 2 spell: Blink
  1647 | D:2      | Reached skill level 1 in Fighting
  2021 | D:2      | Reached skill level 1 in Armour
  2560 | D:3      | Reached XP level 4. HP: 25/25 MP: 11/13
  2925 | D:3      | Found Zin's Purification Station.
  2930 | D:3      | Found a glowing silver altar of Zin.
  3033 | D:3      | Found a basalt altar of Yredelemnul.
  3955 | D:4      | Noticed a black bear
  3987 | D:4      | Slain by a black bear

Illustrated notes

Levels and vault maps discovered:
D:1:      dpeg_arrival_rooms_b, layout_rooms,
          shapermc_ecumenical_altar_mp_ritualfount, serial_bayou_lake_a
D:2:      layout_loops_ring
D:3:      layout_basic, zin_purify, yredelemnul_altar_generic
D:4:      layout_basic, nicolae_hepliaklqana_hippocampus, serial_shops,
          nicolae_stop_n_shop_1

Skill      XL: |  1  2  3  4 |
---------------+-------------+-----
Spellcasting   | 5 |  5.9
Fighting       | 1 |  1.0
Conjurations   | 2 |  2.4
Armour         | 1 |  1.0
Stealth        | 3 |  3.0
Dodging        | |  2.9
Summonings     | |  1.1
Translocations | |  1.1

Action                   |  1- 3 |  4- 6 || total
-------------------------+-------+-------++-------
Melee: Dagger            |       |     9 ||     9
 Fire: Sling             |       |     6 ||     6
 Cast: Magic Dart        |   131 |    67 ||   198
       Mephitic Cloud    |       |     1 ||     1
       Blink             |       |     1 ||     1
       Call Imp          |       |     1 ||     1
Armor: Robe              |     3 |       ||     3
       Leather armour    |       |     8 ||     8
Dodge: Dodged            |     7 |    21 ||    28

Table legend: (Time is in decaauts)
 A = Elapsed time spent in this place.
 B = Non-inter-level travel time spent in this place.
 C = Inter-level travel time spent in this place.
 D = Time resting spent in this place.
 E = Time spent auto-exploring this place.
 F = Levels seen in this place.
 G = Mean time per level.
                   A        B        C        D        E       F      G
               +--------+--------+--------+--------+--------+-----+--------+
         Total |   4019 |   3958 |     61 |      0 |   3514 |   4 | 1004.8 |
       Dungeon |   4019 |   3958 |     61 |      0 |   3514 |   4 | 1004.8 |
               +--------+--------+--------+--------+--------+-----+--------+

Top non-repeatable levels by time:
     D:1: 1351 daAuts
     D:2: 1151 daAuts
     D:3: 971 daAuts
     D:4: 544 daAuts
